 Seeded DCSS version 0.30-a0-802-gb92711bcdf (webtiles) character file.

Game seed: 9908990106765037600 (custom seed)

159 valliere the Grave Robber (level 5, 28/28 HPs)
             Began as a Vampire Necromancer on Feb 23, 2023.
             Quit the game on level 3 of the Dungeon.
             The game lasted 00:07:57 (3035 turns).

valliere the Grave Robber (Vampire Necromancer)     Turns: 3035, Time: 00:07:58

Health: 28/28      AC:  5    Str:  7    XL:     5   Next: 17%
Magic:  6/9        EV: 13    Int: 20    God:
Gold:   183        SH:  0    Dex: 14    Spells: 8/9 levels left

rFire   . . .      SeeInvis +    h - +3 spear
rCold   + + .      Faith    +    (no shield)
rNeg    + + +      Spirit   .    a - +0 robe
rPois   ∞          Reflect  .    c - +0 helmet
rElec   .          Harm     .    d - +0 cloak
rCorr   .          Rampage  .    (no gloves)
Will    .....                    t - +0 pair of boots
Stlth   +++++                    r - amulet of faith
HPRegen 0.24/turn                (no ring)
MPRegen 0.11/turn                (no ring)

@: bloodless
A: bloodless, fangs 3, see invisible, vampiric 2
a: Bat Form, Revivify


You were on level 3 of the Dungeon.
You visited 1 branch of the dungeon, and saw 3 of its levels.

You collected 183 gold pieces.

Inventory:

Hand Weapons
 f - a +0 dagger
 h - a +3 spear (weapon)
Armour
 a - a +0 robe (worn)
 c - a +0 helmet (worn)
 d - a +0 cloak (worn)
 t - a +0 pair of boots (worn)
Jewellery
 r - an amulet of faith (around neck)
Wands
 q - a wand of flame (17)
Scrolls
 e - a scroll of vulnerability {unknown}
 g - a scroll of enchant weapon {unknown}
 i - a scroll of teleportation {unknown}
 j - 5 scrolls of identify {unknown}
 k - 2 scrolls of fog {unknown}
 m - a scroll of amnesia {unknown}
 p - a scroll of noise {unknown}
Potions
 b - a potion of magic
 l - 2 potions of attraction {unknown}
 n - 2 potions of flight {unknown}
 o - a potion of degeneration {unknown}
 s - a potion of haste {unknown}


   Skills:
 + Level 3.1 Dodging
 + Level 4.5 Stealth
 + Level 2.8 Spellcasting
 + Level 2.1 Hexes
 * Level 5.4 Necromancy


You had 8 spell levels left.
You knew the following spells:

 Your Spells              Type           Power      Damage    Failure   Level
a - Necrotise             Necr           96%        1d8       1%          1

Your spell library contained the following spells:

 Spells                   Type           Power      Damage    Failure   Level
 Vampiric Draining        Necr           24%        2d7       4%          3
 Animate Dead             Necr           24%        N/A       16%         4
 Inner Flame              Hex/Fire       7%         N/A       28%         3
 Agony                    Necr           24%        N/A       41%         5
 Cause Fear               Hex            5%         N/A       52%         4
 Discord                  Hex            5%         N/A       100%        8


Dungeon Overview and Level Annotations

Branches:
Dungeon (3/15)

Altars:
Cheibriados


Innate Abilities, Weirdness & Mutations

You do not regenerate when monsters are visible.
You are frail without blood (-20% HP).
You can heal yourself when you bite living creatures.
You are immune to poison.
You have razor-sharp teeth.
You have supernaturally acute eyesight. (SInv)
You are afflicted with vampirism and can become a bat while bloodless.


Message History

Your orc skeleton crumbles into dust!
Your orc skeleton crumbles into dust!
Your rat skeleton crumbles into dust!
Items here: ))) [[ †.
Things that are here:
a +0 short sword; a +0 ring mail You see here a +0 club.
Found a stone staircase leading down.
Jessica the Apprentice Sorceress comes into view.
She is wielding a +0 dagger.
Okay, then.
Jessica shouts!
Jessica barely resists.
Jessica gestures at you while chanting. You resist with some effort.
Jessica writhes in agony!
Jessica writhes in agony.
Jessica writhes in agony.
You kill Jessica!
The dead are walking!
Your Hexes skill increases to level 2!
You have reached level 5!
You feel clever.
There is a stone staircase leading down here.
Things that are here:
a +0 dagger; a +0 robe Jessica crumbles into dust!
You see here a staff of conjuration.
j - 5 scrolls labelled AFYMYG MOFANA (gained 1)
There is a stone staircase leading down here.
Found an escape hatch in the ceiling.
There is an escape hatch in the ceiling here.
An adder comes into view.
The adder hisses angrily.
The adder writhes in agony.
The adder writhes in agony.
The adder closely misses you.
The adder writhes in agony.
You kill the adder!
The dead are slithering!
You can't see any susceptible monsters within range! (Use Z to cast anyway.) Are you sure you want to abandon this character and quit the game? (Confirm with "yes".)

♣. #.#....... ♣♣♣.♣♣
#.#....... ♣♣PP.PP♣♣
#.#....... # ♣PP...PP♣
#.#.......
#.♣♣P.....P♣♣##.#.######
......⌠........#.# #
♣P.....P♣♣.###.# #
♣PP.Z.PP♣♣.###)## #
♣PP@PP♣♣.......#####
♣♣♣.♣♣♣♣....>.....<. ♣.♣
#........##### ...
#........# # ....
#........# #
....###.####.##
.....♣♣♣.♣ #.######
....♣♣...♣ ........
♣.P♣♣♣ ........


You could see a friendly adder skeleton.

Vanquished Creatures
  Jessica (D:3)
  Terence (D:2)
  3 adders
  A worm (D:2)
  A dart slug (D:1)
  5 orcs (D:3)
  3 ball pythons
  9 bats
  8 endoplasms
  2 giant cockroaches
  6 goblins
  7 hobgoblins
  2 jackals (D:1)
  5 kobolds
  A quokka (D:1)
  4 frilled lizards
  2 rats
61 creatures vanquished.

Vanquished Creatures (collateral kills)
  An endoplasm (D:2)
  A goblin (D:2)
  A kobold (D:1)
3 creatures vanquished.

Grand Total: 64 creatures vanquished

Notes
Turn   | Place    | Note
-------+----------+-------------------------------------------
     0 | D:1      | valliere the Vampire Necromancer began the quest for the
                  | Orb.
     0 | D:1      | Reached XP level 1. HP: 13/13 MP: 3/3
   279 | D:1      | Reached XP level 2. HP: 19/19 MP: 3/5
   936 | D:1      | Gained mutation: You are afflicted with vampirism and can
                  | become a bat while bloodless. [Vampire growth]
   936 | D:1      | Reached XP level 3. HP: 24/24 MP: 4/6
  1512 | D:2      | Found a faded altar of an unknown god.
  1525 | D:2      | Reached skill level 1 in Hexes
  1668 | D:2      | Noticed Terence
  1675 | D:2      | Killed Terence
  1676 | D:2      | Reached skill level 5 in Necromancy
  1676 | D:2      | Reached XP level 4. HP: 24/24 MP: 1/7
  2663 | D:3      | Found a snail-covered altar of Cheibriados.
  2924 | D:3      | Noticed Jessica
  2928 | D:3      | Killed Jessica
  2929 | D:3      | Reached XP level 5. HP: 28/28 MP: 4/9
  3035 | D:3      | Quit the game

Illustrated notes

Levels and vault maps discovered:
D:1:      giann_bridges, layout_loops_corners, serial_glass, glass_columns_a,
          glass_columns_b, minmay_pentomino_w4
D:2:      layout_rooms, serial_co_window_serial, co_window_of_opportunity_a,
          co_window_paths_a, co_window_of_opportunity_a, co_window_cross_1,
          co_window_paths_a, co_window_broadway_a, co_window_paths_c,
          co_window_broadway_a, co_window_4corner_b, glass_columns_a,
          hellmonk_ecumenical_altar_blasted, uniq_terence
D:3:      layout_basic, mainiacjoe_overflow_surrounded_room, serial_forest,
          infiniplex_forest_zigzag_2, infiniplex_forest_end_1,
          infiniplex_forest_corner_2, infiniplex_forest_end_2,
          infiniplex_forest_lined_1, infiniplex_forest_clump_curved,
          infiniplex_forest_lined_room_3, infiniplex_forest_clump_curved,
          infiniplex_forest_fountain, guppyfry_early_orc_mine, uniq_jessica

Skill      XL: |  1  2  3  4 |
---------------+-------------+-----
Hexes          | 1 2 |  2.1
Stealth        | 4 |  4.5
Necromancy     | 5 |  5.4
Dodging        | 3 |  3.1
Spellcasting   | |  2.8

Action                     |  1- 3 |  4- 6 || total
---------------------------+-------+-------++-------
  Melee: Unarmed           |    51 |       ||    51
         Bite              |     8 |       ||     8
         Spear             |    23 |     6 ||    29
   Cast: Necrotise         |    56 |    42 ||    98
Ability: Exsanguinate      |     1 |       ||     1
   Stab: Sleeping          |     3 |     1 ||     4
 Armour: Robe              |    27 |     4 ||    31
  Dodge: Dodged            |    39 |     3 ||    42

Table legend: (Time is in decaauts)
 A = Elapsed time spent in this place.
 B = Non-inter-level travel time spent in this place.
 C = Inter-level travel time spent in this place.
 D = Time resting spent in this place.
 E = Time spent auto-exploring this place.
 F = Levels seen in this place.
 G = Mean time per level.
                   A        B        C        D        E       F      G
               +--------+--------+--------+--------+--------+-----+--------+
         Total |   3036 |   3001 |     35 |      0 |   2580 |   3 | 1012.0 |
       Dungeon |   3036 |   3001 |     35 |      0 |   2580 |   3 | 1012.0 |
               +--------+--------+--------+--------+--------+-----+--------+

Top non-repeatable levels by time:
     D:1: 1399 daAuts
     D:2: 1087 daAuts
     D:3: 550 daAuts
